 Dungeon Crawl Stone Soup version 0.25.0-41-g26779e291d (webtiles) character file.

Game seed: 382167526698166643

251 kathalu the Slasher (level 6, -1/48 HPs)
             Began as a Human Berserker on July 10, 2020.
             Was a Believer of Trog.
             Slain by a river rat (7 damage)
             ... on level 3 of the Dungeon.
             The game lasted 00:11:13 (2902 turns).

kathalu the Slasher (Human Berserker)               Turns: 2902, Time: 00:11:13

Health: -1/48      AC: 11    Str: 20    XL:     6   Next: 36%
Magic:  6/6        EV:  8    Int:  7    God:    Trog [**....]
Gold:   137        SH:  0    Dex: 12    Spells: 5/5 levels left

rFire    . . .     SeeInvis +   a - +1 falchion
rCold    . . .     Gourm    .   (no shield)
rNeg     . . .     Faith    .   g - +0 chain mail
rPois    .         Spirit   .   n - +0 helmet {SInv}
rElec    .         Reflect  .   (no cloak)
rCorr    .         Harm     .   k - +0 pair of gloves
MR       .....                  (no boots)
Stlth    ..........             (no amulet)
HPRegen  0.16/turn              (no ring)
MPRegen  0.10/turn              (no ring)

@: berserk cooldown, slowed, very slow
A: no striking features
a: Berserk, Trog's Hand, Renounce Religion


You were on level 3 of the Dungeon.
You worshipped Trog.
Trog was pleased with you.
You were very hungry.

You visited 1 branch of the dungeon, and saw 3 of its levels.

You collected 137 gold pieces.

Inventory:

Hand Weapons
 a - a +1 falchion (weapon)
Missiles
 j - 4 poisoned darts (quivered)
 m - 27 stones
Armour
 g - a +0 chain mail (worn)
 k - a +0 pair of gloves (worn)
 n - a +0 helmet of see invisible (worn)
Jewellery
 d - an uncursed ring of magical power
Scrolls
 b - 2 scrolls of fear
 h - 2 scrolls of magic mapping
 o - a scroll of identify
Potions
 l - a potion of brilliance {unknown}
Comestibles
 c - 6 rations


   Skills:
 + Level 4.1 Fighting
 + Level 5.1 Long Blades
 + Level 0.8 Throwing
 + Level 3.3 Armour
 - Level 2.1 Dodging


You had 5 spell levels left.
You didn't know any spells.
Your spell library was empty.

Dungeon Overview and Level Annotations

Branches:
Dungeon (3/15)

Altars:
Okawaru
Sif Muna
Xom
Zin


Message History

You feel yourself slow down.
The river rat bites you but does no damage.
You can move again.
The river rat closely misses you.
Your unstable footing causes you to fumble your attack.
The river rat bites you.
* * * LOW HITPOINT WARNING * * *
The river rat closely misses you.
You hit the river rat but do no damage.
The river rat is severely wounded.
The river rat bites you but does no damage.
Your unstable footing causes you to fumble your attack.
The river rat bites you.
* * * LOW HITPOINT WARNING * * *
The river rat barely misses you.
You riposte.
Your unstable footing causes you to fumble your attack.
You barely miss the river rat.
The river rat is severely wounded.
The river rat bites you!
You die...

#......≈....#.#.#.#*,,
#..≈.≈≈≈≈≈..#.....##.,
#.≈≈#≈#≈#####.#.#....,
#.≈≈≈≈≈≈≈≈≈#......##.#
#.########≈##.##..#*,#
***########.#≈#≈≈≈≈≈≈##.###.#*,,
*,,.>....$..#≈#†#≈#####...#.####
*,*#.......##≈#≈#≈≈≈≈*###......#
*,*#.##.##.##≈#@#r##≈# #....##.#
*,,,,..,*#.##≈#r#≈≈*≈###........
*,,#.#,,,...#≈#≈##≈*≈#.#........
*,,#,*,,*#.##≈†≈#*≈#≈#.##.####.#
*,,,,,,,,..####≈#∩≈#≈#..#.####.#
**,***,**### ########..#......#
*,,,,,* #.........###### *****,*
##..#...#.# #
******,**********#.###..#.# #


You could see a river rat.

Vanquished Creatures
  A bullfrog (D:2)
  3 gnolls (D:3)
  3 river rats
  5 adders
  7 worms
  A dart slug (D:1)
  3 leopard geckos
  7 bats
  2 giant cockroaches
  9 goblins
  3 hobgoblins
  7 jackals (D:3)
  A quokka (D:3)
  A ball python (D:3)
  4 frilled lizards (D:1)
  4 kobolds
  4 rats
65 creatures vanquished.

Notes
Turn   | Place    | Note
-------+----------+-------------------------------------------
     0 | D:1      | kathalu the Human Berserker began the quest for the Orb.
     0 | D:1      | Reached XP level 1. HP: 18/18 MP: 1/1
   144 | D:1      | Reached XP level 2. HP: 23/24 MP: 2/2
   594 | D:1      | Reached XP level 3. HP: 15/29 MP: 3/3
   926 | D:1      | Found a sparkling altar of Nemelex Xobeh.
   933 | D:1      | Found a shimmering blue altar of Sif Muna.
   933 | D:1      | Found a blossoming altar of Fedhas.
   935 | D:1      | Found a shimmering altar of Xom.
   935 | D:1      | Found a glowing silver altar of Zin.
   935 | D:1      | Found a sparkling altar of Nemelex Xobeh.
  1194 | D:2      | Noticed a bullfrog
  1201 | D:2      | Killed a bullfrog
  1201 | D:2      | Reached skill level 4 in Long Blades
  1201 | D:2      | Reached XP level 4. HP: 32/37 MP: 4/4
  1484 | D:2      | Reached XP level 5. HP: 38/42 MP: 5/5
  1686 | D:2      | Reached ** piety under Trog
  1945 | D:3      | Found an iron altar of Okawaru.
  2139 | D:3      | Reached XP level 6. HP: 48/48 MP: 6/6
  2653 | D:3      | Reached skill level 5 in Long Blades
  2902 | D:3      | Slain by a river rat

Illustrated notes

Levels and vault maps discovered:
D:1:      lemuel_arrival_behind_the_door_large, layout_loops_ring,
          corexii_hall_statues_s, doesnt_xom_only_xom
D:2:      layout_loops_ring
D:3:      layout_loops_cross, eat_drink_and_be_merry_uskayaw,
          okawaru_altar_gauntlet_db, serial_glass, glass_columns_c,
          glass_columns_a, first_ration, lightli_sewer_entry_pipes,
          uniq_crazy_yiuf_cottage

Skill      XL: |  1  2  3  4  5  6 |
---------------+-------------------+-----
Long Blades    | 4 5 |  5.1
Armour         | 3 |  3.3
Fighting       | 4 |  4.1
Throwing       | |  0.8
Dodging        | |  2.1

Action                   |  1- 3 |  4- 6 || total
-------------------------+-------+-------++-------
Melee: Falchion          |    67 |   180 ||   247
Throw: Dart              |     2 |     6 ||     8
Invok: Berserk           |       |     3 ||     3
  Use: Scroll            |     3 |     6 ||     9
       Potion            |       |     3 ||     3
  Eat: Chunk             |     1 |     7 ||     8
Armor: Animal skin       |     6 |       ||     6
       Ring mail         |    33 |       ||    33
       Chain mail        |     2 |   145 ||   147
       Skin              |       |    23 ||    23
Dodge: Dodged            |    34 |    98 ||   132
       Rpst.: Falchion   |    11 |    31 ||    42
